 Dungeon Crawl Stone Soup version 0.30-a0-469-g84de5afbc5 (webtiles) character file.

Game seed: 15856544505543643526

32 tilp the Shield-Bearer (level 3, 0/31 HPs)
             Began as a Meteoran Fighter on Dec 19, 2022.
             Frozen to death by an endoplasm (5 damage)
             ... on level 2 of the Dungeon.
             The game lasted 00:02:50 (629 turns).

tilp the Shield-Bearer (Meteoran Fighter)            Turns: 629, Time: 00:02:50

Health: 0/31       AC:  7    Str: 17    XL:     3   Next: 64%
Magic:  4/4        EV:  9    Int:  9    God:
Gold:   19         SH:  5    Dex: 16    Spells: 2/2 levels left

rFire   + . .      SeeInvis .    a - +0 long sword
rCold   . . .      Faith    .    c - +0 buckler
rNeg    . . .      Spirit   .    b - +0 scale mail
rPois   .          Reflect  .    (no helmet)
rElec   .          Harm     .    (no cloak)
rCorr   .          Rampage  .    (no gloves)
Will    .....                    (no boots)
Stlth   ..........               (no amulet)
HPRegen 0.25/turn                g - ring of protection from fire
MPRegen 0.09/turn                (no ring)

@: glowing
A: sense surroundings 1, otherworldly, glowing, explore regen
a: no special abilities


You were on level 2 of the Dungeon.
You visited 1 branch of the dungeon, and saw 3 of its levels.

You collected 19 gold pieces.

Inventory:

Hand Weapons
 a - a +0 long sword (weapon)
Armour
 b - a +0 scale mail (worn)
 c - a +0 buckler (worn)
Jewellery
 g - a ring of protection from fire (left hand)
 h - a ring of magical power
Scrolls
 e - a scroll of poison {unknown}
 i - 2 scrolls of fear {unknown}
Potions
 d - 2 potions of might
 f - a potion of lignification {unknown}


   Skills:
 + Level 3.5 Fighting
 + Level 2.8 Long Blades
 + Level 3.8 Armour
 * Level 1.5 Dodging
 + Level 0.5 Stealth
 + Level 3.9 Shields


You had 2 spell levels left.
You didn't know any spells.
Your spell library contained the following spells:

 Spells                   Type           Power      Damage    Failure   Level
 Cigotuvi's Dreadful Rot  Necr/Pois/Air  0%         N/A       95%         2
 Poisonous Vapours        Pois/Air       0%         N/A       95%         2
 Mephitic Cloud           Conj/Pois/Air  0%         N/A       99%         3


Dungeon Overview and Level Annotations

Branches:
Dungeon (3/15) Zot: 1144

Altars:


Innate Abilities, Weirdness & Mutations

You passively map a small area around you.
You are easily found by Zot.
You glow in the dark.
You regain HP and MP as you explore.


Message History

Unknown command.
You hit the endoplasm.
The endoplasm is almost dead.
The endoplasm freezes you.
You are frozen.
The endoplasm freezes you.
You are frozen.
You barely miss the endoplasm.
The endoplasm is almost dead.
The endoplasm misses you. The endoplasm freezes you.
You are frozen.
The endoplasm freezes you.
You are frozen.
* * * LOW HITPOINT WARNING * * *
You block the endoplasm's attack.
You slash the endoplasm!
You kill the endoplasm!
The endoplasm hits you but does no damage.
You hit the endoplasm.
The endoplasm is lightly wounded.
The endoplasm hits you but does no damage.
You hit the endoplasm but do no damage.
The endoplasm is lightly wounded.
The endoplasm freezes you.
You are frozen.
* * * LOW HITPOINT WARNING * * *
You hit the endoplasm.
The endoplasm is severely wounded.
The endoplasm freezes you.
You are frozen.
* * * LOW HITPOINT WARNING * * *
The endoplasm freezes you.
You are frozen.
* * * LOW HITPOINT WARNING * * *
You barely miss the endoplasm.
The endoplasm is severely wounded.
The endoplasm freezes you.
You are frozen.
You die...

###.####...#... ,
#..........#.#####..
######.#.##..............
..................##. , ,
, .......#..........# ,
##.##.##.....>....#* #
*#.............# ,
####.J........# ,, <
*#.@........# ,
,,................#* , *
.######.........# ,, * *
#........ , , * *
#####.### , , , , ..., ,
, ### * ,, * * *


You could see an endoplasm.

Vanquished Creatures
  3 dart slugs (D:1)
  5 endoplasms
  3 hobgoblins (D:1)
  A kobold (D:1)
  A quokka (D:1)
  2 bats (D:1)
  2 frilled lizards (D:1)
  4 goblins (D:1)
  4 rats (D:1)
25 creatures vanquished.

Notes
Turn   | Place    | Note
-------+----------+-------------------------------------------
     0 | D:1      | tilp the Meteoran Fighter began the quest for the Orb.
     0 | D:1      | Reached XP level 1. HP: 19/19 MP: 2/2
    96 | D:1      | Reached XP level 2. HP: 26/26 MP: 3/3
   162 | D:1      | Reached skill level 1 in Dodging
   284 | D:1      | Reached XP level 3. HP: 30/31 MP: 4/4
   479 | D:1      | Glimpsed the power of Zot.
   529 | D:1      | Glimpsed the power of Zot.
   569 | D:1      | Glimpsed the power of Zot.
   618 | D:3      | Noticed a scorpion
   629 | D:2      | Frozen to death by an endoplasm

Illustrated notes

Levels and vault maps discovered:
D:1:      dpeg_arrival_leaves_temple_mockup, layout_loops_corners,
          chequers_serial_rivers_room_b
D:2:      layout_loops_ring, minmay_octomino_c4
D:3:      layout_basic, mainiacjoe_overflow_alcove_2, tgw_trog,
          serial_corexii_hall, corexii_hall_statues_i, chequers_hall_statues_y

Skill      XL: |  1  2 |
---------------+-------+-----
Dodging        | 1 |  1.5
Fighting       | |  3.5
Long Blades    | |  2.8
Armour         | |  3.8
Stealth        | |  0.5
Shields        | |  3.9

Action                   || total
-------------------------++-------
Melee: Long sword        ||    78
Armor: Scale mail        ||    40
Dodge: Dodged            ||    20
Block: Buckler           ||    19

Table legend: (Time is in decaauts)
 A = Elapsed time spent in this place.
 B = Non-inter-level travel time spent in this place.
 C = Inter-level travel time spent in this place.
 D = Time resting spent in this place.
 E = Time spent auto-exploring this place.
 F = Levels seen in this place.
 G = Mean time per level.
                   A        B        C        D        E       F      G
               +--------+--------+--------+--------+--------+-----+--------+
         Total |    654 |    560 |     94 |      0 |      0 |   3 |  218.0 |
       Dungeon |    654 |    560 |     94 |      0 |      0 |   3 |  218.0 |
               +--------+--------+--------+--------+--------+-----+--------+

Top non-repeatable levels by time:
     D:1: 605 daAuts
     D:2: 44 daAuts
     D:3: 4 daAuts
